 Dungeon Crawl Stone Soup version 0.31.0-12-g77e489cdc1 (webtiles) character file.

Game seed: 14817990519567762853

296 hawla the Firebug (level 6, -7/34 HPs)
             Began as a Deep Elf Fire Elementalist on Feb 19, 2024.
             Mangled by an iguana (11 damage)
             ... on level 4 of the Dungeon.
             The game lasted 00:08:54 (3016 turns).

hawla the Firebug (Deep Elf Fire Elementalist)      Turns: 3016, Time: 00:08:55

Health: -7/34      AC:  4    Str:  5    XL:     6   Next: 12%
Magic:  11/14      EV: 12    Int: 25    God:
Gold:   159        SH:  0    Dex: 15    Spells: 5/13 levels left

rFire   . . .        e - +0 quarterstaff
rCold   . . .        (shield currently unavailable)
rNeg    . . .        a - +0 robe
rPois   .            (no helmet)
rElec   .            (no cloak)
rCorr   .            (no gloves)
SInv    .            d - +1 pair of boots of Hedging {Int+3}
Will    .....        j - amulet of the acrobat
Stlth   ++           (no ring)
HPRegen 0.25/turn    (no ring)
MPRegen 0.14/turn

%: acrobat
@: no status effects
A: no striking features
a: no special abilities


You were on level 4 of the Dungeon.
You visited 1 branch of the dungeon, and saw 4 of its levels.

You collected 159 gold pieces.

Inventory:

Hand Weapons
 e - a +0 quarterstaff (weapon)
Armour
 a - a +0 robe (worn)
 d - the +1 pair of boots of Hedging (worn) {Int+3}
   (You acquired it on level 3 of the Dungeon)

   Int+3:     It affects your intelligence (+3).
Jewellery
 j - an amulet of the acrobat (around neck)
Wands
 i - a wand of digging (5)
Potions
 c - a potion of brilliance
 f - 3 potions of attraction {unknown}
 g - 2 potions of degeneration {unknown}
 h - 2 potions of might {unknown}


   Skills:
 - Level 1.0 Fighting
 - Level 2.4 Dodging
 - Level 3.0 Stealth
 - Level 4.0 Spellcasting
 - Level 3.0 Conjurations
 + Level 5.2 Fire Magic
 - Level 3.0 Earth Magic


You had 5 spell levels left.
You knew the following spells:

 Your Spells              Type           Power      Damage    Failure   Level
a - Foxfire               Conj/Fire      100%       2x1d9     1%          1
b - Stone Arrow           Conj/Erth      40%        3d9       8%          3
c - Flame Wave            Conj/Fire      25%        2d8       17%         4

Your spell library contained the following spells:

 Spells                   Type           Power      Damage    Failure   Level
 Scorch                   Fire           62%        2d7       1%          2
 Sandblast                Erth           40%        2d10      2%          1
 Kiss of Death            Conj/Necr      48%        2d9       4%          1
 Sting                    Conj/Alch      48%        1d6       4%          1
 Passwall                 Erth           20%        N/A       8%          3
 Apportation              Tloc           10%        N/A       9%          1
 Necrotise                Necr           20%        1d5       9%          1
 Summon Small Mammal      Summ           20%        N/A       9%          1
 Inner Flame              Hex/Fire       18%        N/A       10%         3
 Volatile Blastmotes      Fire/Tloc      36%        2d13      10%         3
 Brom's Barrelling Bould  Conj/Erth      20%        2d4       26%         4


Dungeon Overview and Level Annotations

Branches:
Dungeon (4/15)
 Temple: D:4-7

Altars:

Shops:
D:2 (


Message History

A goblin comes into view. It is wielding a +0 club.
The goblin shouts!
Casting: Foxfire (safe; 1% risk of failure)
Confirm with . or Enter, or press ? or * to list all spells.
You conjure some foxfire!
An iguana comes into view.
You hit the goblin.
You kill the goblin!
The foxfire hits the iguana.
The iguana is lightly wounded.
Your foxfire dissipates!
Casting: Foxfire (safe; 1% risk of failure)
Confirm with . or Enter, or press ? or * to list all spells.
You conjure some foxfire!
Casting: Foxfire (safe; 1% risk of failure)
Confirm with . or Enter, or press ? or * to list all spells.
You conjure some foxfire!
The foxfire hits the iguana.
The iguana is heavily wounded.
The foxfire hits the iguana but does no damage.
The iguana is heavily wounded.
The foxfire hits the iguana but does no damage.
The iguana is heavily wounded.
The foxfire hits the iguana.
The iguana is severely wounded.
Okay, then.
You hit the iguana.
The iguana is almost dead.
The iguana bites you. The iguana closely misses you.
You hit the iguana but do no damage.
The iguana is almost dead.
The iguana bites you! Magic courses through your body. The iguana bites you!
* * * LOW HITPOINT WARNING * * *
Casting: Foxfire (safe; 1% risk of failure)
Confirm with . or Enter, or press ? or * to list all spells.
Aiming: Stone Arrow (dangerous; 8% risk of failure)
Press: ? - help, Shift-Dir - straight line, f - iguana
Aim: an iguana (almost dead, 75% to hit)
The iguana bites you!
You die...

##. .########
.. ........# .#
#..####.#.#
#.)<.)....#
#..####.#.#
#..# .#
####.#..####.#.
.....?l@.......
###.########.#.
.. .. ## ##


You could see an iguana.

Vanquished Creatures
  A scorpion (D:3)
  An orc priest (D:4)
  Jessica (D:2)
  9 adders
  A ribbon worm (D:3)
  4 dart slugs (D:2)
  11 orcs
  8 ball pythons
  5 endoplasms
  4 giant cockroaches
  4 goblins
  5 hobgoblins
  8 jackals
  3 kobolds
  6 quokkas
  2 bats (D:2)
  2 frilled lizards
75 creatures vanquished.

Vanquished Creatures (others)
  154 foxfires
154 creatures vanquished.

Grand Total: 229 creatures vanquished

Notes
Turn   | Place    | Note
-------+----------+-------------------------------------------
     0 | D:1      | hawla the Deep Elf Fire Elementalist began the quest for
                  | the Orb.
     0 | D:1      | Reached XP level 1. HP: 10/10 MP: 6/6
     2 | D:1      | Noticed a felid
     2 | D:1      | Noticed a troll
     4 | D:1      | Noticed a spriggan
     4 | D:1      | Noticed a barachi
     6 | D:1      | Noticed a vine stalker
     6 | D:1      | Noticed a draconian
     8 | D:1      | Noticed a gargoyle
     8 | D:1      | Noticed an octopode
    10 | D:1      | Noticed an elf
    10 | D:1      | Noticed a demigod
    12 | D:1      | Noticed a human
    14 | D:1      | Noticed a formicid
    14 | D:1      | Noticed a djinni
    16 | D:1      | Noticed a ghoul
    18 | D:1      | Noticed an armataur
    18 | D:1      | Noticed an oni
    20 | D:1      | Noticed a vampire
    22 | D:1      | Noticed a naga
    22 | D:1      | Noticed a minotaur
    24 | D:1      | Noticed a demonspawn
    24 | D:1      | Noticed a merfolk
    26 | D:1      | Noticed a tengu
   213 | D:1      | Reached skill level 1 in Fighting
   219 | D:1      | Reached XP level 2. HP: 16/16 MP: 2/8
   578 | D:2      | Reached XP level 3. HP: 20/20 MP: 7/9
   582 | D:2      | Learned a level 3 spell: Stone Arrow
   751 | D:2      | Reached skill level 1 in Earth Magic
  1005 | D:2      | Reached XP level 4. HP: 25/25 MP: 7/10
  1185 | D:2      | Noticed Jessica
  1192 | D:2      | Killed Jessica
  1244 | D:2      | Got Jessica's Directory of the Mortuary
  1396 | D:2      | Found Kimar's Antique Weapon Emporium.
  1625 | D:3      | Noticed a scorpion
  1630 | D:3      | Killed a scorpion
  1631 | D:3      | Reached XP level 5. HP: 22/29 MP: 1/13
  1784 | D:3      | Identified a scroll of acquirement
  1784 | D:3      | Acquired the +1 pair of boots of Hedging {Int+3}
  1934 | D:3      | Reached skill level 4 in Fire Magic
  1939 | D:3      | Learned a level 4 spell: Flame Wave
  2979 | D:4      | Reached skill level 5 in Fire Magic
  2979 | D:4      | Reached XP level 6. HP: 34/34 MP: 7/14
  3016 | D:4      | Mangled by an iguana

Illustrated notes

Levels and vault maps discovered:
D:1:      kb_arrival_jail, layout_rooms, minmay_pentomino_z2
D:2:      layout_loops_ring, serial_shops, nicolae_shop_rolling_square,
          kennysheep_jessica_study
D:3:      layout_loops_ring, chequers_serial_rivers_micro_d
D:4:      layout_basic, gammafunk_temple_overflow_forgotten,
          minmay_misc_feat_encased, nicolae_ea-nasir_strikes_again

Skill      XL: |  1  2  3  4  5 |
---------------+----------------+-----
Fighting       | 1 |  1.0
Stealth        | 3 |  3.0
Conjurations   | 2 3 |  3.0
Earth Magic    | 1 3 |  3.0
Spellcasting   | 4 |  4.0
Fire Magic     | 5 |  5.2
Dodging        | |  2.4

Action                     |  1- 3 |  4- 6 || total
---------------------------+-------+-------++-------
  Melee: Unarmed           |    15 |     9 ||    24
         Punch             |     1 |       ||     1
         Quarterstaff      |       |     8 ||     8
   Cast: Foxfire           |    52 |    39 ||    91
         Stone Arrow       |       |    31 ||    31
    Use: Scroll            |     2 |     4 ||     6
         Potion            |     1 |     2 ||     3
   Stab: Sleeping          |     1 |       ||     1
 Armour: Robe              |    20 |    31 ||    51
  Dodge: Dodged            |    13 |    24 ||    37
